 Dungeon Crawl Stone Soup version 0.28-a0-1629-gf728b707aa (webtiles) character file.

Game seed: 13561298481571820725

2061 fragbeetle the Frost Mage (level 9, -4/66 HPs)
             Began as a Merfolk Ice Elementalist on Jan 24, 2022.
             Was an Initiate of Gozag.
             Slain by an orc warrior (28 damage)
             ... in a bailey.
             The game lasted 00:19:33 (7851 turns).

fragbeetle the Frost Mage (MfIE)                    Turns: 7851, Time: 00:19:34

Health: -4/66      AC:  3    Str:  8    XL:     9   Next: 25%
Magic:  6/12       EV: 19    Int: 16    God:    Gozag
Gold:   396        SH:  0    Dex: 17    Spells: 0/12 levels left

rFire   . . .      SeeInvis +   N - +3 spear (vamp)
rCold   . . .      Faith    .   (no shield)
rNeg    . . .      Spirit   .   c - +0 robe {Will+}
rPois   .          Reflect  .   y - +0 helmet
rElec   .          Harm     .   (no cloak)
rCorr   .          Rampage  .   (no gloves)
Will    +....                   (boots currently unavailable)
Stlth   ++++......              (no amulet)
HPRegen 0.21/turn               e - ring of see invisible
MPRegen 0.13/turn               (no ring)

@: very quick
A: nimble swimmer 2, mertail
a: Renounce Religion, Potion Petition, Call Merchant, Bribe Branch


You were in a bailey.
You worshipped Gozag.
Gozag was aware of your devotion.
You visited 2 branches of the dungeon, and saw 9 of its levels.
You also visited: Bailey.

You collected 500 gold pieces.
You paid 104 gold pieces to Gozag.

Inventory:

Hand Weapons
 b - a +2 dagger of holy wrath
 l - a +1 dagger of freezing
 E - a +5 flail
 N - a +3 vampiric spear (weapon)
Missiles
 n - 11 poisoned darts
 p - 8 boomerangs
 u - 3 curare-tipped darts
 I - 3 javelins
Armour
 c - a +0 robe of willpower (worn)
 v - the +0 ring mail of Mucues {+Inv Int+3 Dex-4}
   (You found it on level 4 of the Dungeon)

   Int:       It affects your intelligence (+3).
   Dex:       It affects your dexterity (-4).
   +Inv:      It lets you turn invisible.
 y - a +0 helmet (worn)
Jewellery
 e - a ring of see invisible (left hand)
Wands
 z - a wand of iceblast (22)
 B - a wand of mindburst (4)
 M - a wand of charming (13)
Scrolls
 a - a scroll of fog {unknown}
 g - 2 scrolls of holy word {unknown}
 h - 2 scrolls of summoning {unknown}
 i - 2 scrolls of enchant weapon {unknown}
 m - a scroll of identify
 o - a scroll of amnesia {unknown}
 q - a scroll of noise {unknown}
 x - a scroll of torment {unknown}
 A - 3 scrolls of teleportation
 D - a scroll of magic mapping {unknown}
 F - a scroll of blinking {unknown}
 G - a scroll of fear {unknown}
 H - a scroll of vulnerability {unknown}
 J - a scroll of enchant armour {unknown}
Potions
 d - 2 potions of magic
 f - 2 potions of berserk rage
 j - 2 potions of mutation {unknown}
 r - 3 potions of curing
 s - a potion of brilliance {unknown}
 t - 3 potions of might
 w - a potion of cancellation {unknown}
 C - a potion of ambrosia {unknown}
 K - a potion of lignification {unknown}
 L - 2 potions of flight {unknown}


   Skills:
 + Level 4.4 Fighting
 * Level 6.1 Polearms
 + Level 6.1 Dodging
 + Level 5.5 Stealth
 - Level 2.0 Spellcasting
 * Level 4.7 Transmutations
 * Level 8.0 Ice Magic
 * Level 3.7 Poison Magic


You couldn't memorise any spells.
You knew the following spells:

 Your Spells              Type           Power      Damage    Failure   Level
a - Freeze                Ice            100%       1d11      1%          1
b - Frozen Ramparts       Ice            54%        1d7       2%          3
c - Ozocubu's Armour      Ice            27%        N/A       2%          3
d - Sting                 Tmut/Pois      60%        1d6       3%          1
e - Olgreb's Toxic Radia  Pois           13%        N/A       41%         4

Your spell library contained the following spells:

 Spells                   Type           Power      Damage    Failure   Level
 Ensorcelled Hibernation  Hex/Ice        28%        N/A       6%          2
 Spider Form              Tmut/Pois      15%        N/A       11%         3
 Passwall                 Tmut/Erth      7%         N/A       12%         2
 Poisonous Vapours        Pois/Air       14%        N/A       14%         2
 Sublimation of Blood     Necr           1%         N/A       30%         2
 Hailstorm                Conj/Ice       14%        3d5       36%         4
 Swiftness                Air            1%         N/A       52%         3
 Petrify                  Tmut/Erth      9%         N/A       61%         4
 Anguish                  Hex/Necr       0%         N/A       90%         4
 Irradiate                Conj/Tmut      4%         3d14      91%         5
 Summon Forest            Summ/Tloc      0%         N/A       99%         5
 Summon Mana Viper        Hex/Summ       1%         N/A       99%         5
 Summon Cactus Giant      Summ           0%         N/A       100%        6


Dungeon Overview and Level Annotations

Branches:
Dungeon (8/15)             Temple (1/1) D:7          Bailey (1/1)
   Lair: D:8-11

Altars:
Ashenzari
Cheibriados
Dithmenos
Elyvilon
Fedhas
Gozag
Hepliaklqana
Kikubaaqudgha
Makhleb
Nemelex Xobeh
Okawaru
Qazlal
Ru
Sif Muna
Trog
Uskayaw
Vehumet
Wu Jian
Xom
Yredelemnul
Zin
The Shining One

Shops:
D:1 [


Innate Abilities, Weirdness & Mutations

You are very nimble when in or above water. (Stealth+, EV+, Speed+++)
Your lower body shifts to a powerful aquatic tail in water.


Message History

You hear a shout!
Reach: N) +3 spear (vamp)
Press: ? - help, Dir - move target, f - orc warrior, p - orc knight
Aim: an orc warrior, wielding a +0 trident and wearing a +0 scale mail (strong, about 36% to evade your +3 vampiric spear)
You reach to attack!
You hit the orc warrior.
You feel better.
The orc warrior is moderately wounded.
The orc warrior no longer looks unusually strong.
The orc warrior hits you from afar with a +0 trident!
An orc comes into view. It is wielding a +0 trident.
The orc warrior misses you.
The orc moves out of view.
There are monsters nearby!
The orc warrior hits you from afar with a +0 trident!!
The orc warrior misses you. The orc warrior misses you.
The orc warrior misses you.
The orc knight shouts!
The orc warrior shouts!
The orc knight roars a battlecry!
The orcs go into a battle-frenzy!
You hear a shout!
Casting: Olgreb's Toxic Radiance (quite dangerous; 41% risk of failure)
Confirm with . or Enter, or press ? or * to list all spells.
Casting: Frozen Ramparts (dangerous; 2% risk of failure)
Press: ? - help, Dir - look around, f - activate Some deep water.
The walls around you are covered in ice.
The orc misses you.
The wall freezes the orc warrior.
Unknown command.
Casting: Frozen Ramparts (dangerous; 2% risk of failure)
Confirm with . or Enter, or press ? or * to list all spells.
A film of ice covers your body!
The orc knight hits you from afar with a +0 glaive!!
The orc hits you but does no damage.
The wall freezes the orc warrior. x2
The orc warrior completely misses you.
Unknown command.
Your icy armour and frozen ramparts will break if you move.
Continue?
Your icy armour cracks and falls away as you move.
The frozen ramparts melt away as you move.
The orc warrior hits you from afar with a +0 trident!!
You die...
Your body crumbles into a pile of gold.

.........o....###
♣♣♣♣#$o####'$####($#.##
≈≈..####........####..#
≈≈≈....).........(....#
≈≈≈≈..........$$♣....♣#
≈≈≈≈≈≈...#....#ooo♣♣♣♣
≈≈≈≈≈≈≈≈≈#....#≈≈≈≈≈♣♣#
♣♣≈≈≈≈≈≈≈#....#≈≈≈≈≈≈≈#
♣.≈≈≈≈≈≈#....#≈@≈≈≈≈≈#
♣...≈≈≈≈#....#≈≈≈≈≈≈≈#
♣♣.....)#....#o...≈≈≈#
♣♣................≈≈#
###.♣♣.......♣.♣..♣#
#.♣............♣♣
#............###
##..........##
#..........#


You could see an orc knight, 2 orc warriors and an orc (strong).

Vanquished Creatures
  A water moccasin (D:5)
  4 orc warriors
  An ice beast (D:6)
  2 ogres
  A centaur (D:8)
  A phantom (D:6)
  A kobold brigand (D:8)
  2 scorpions (D:7)
  2 gnoll sergeants
  A water moccasin zombie (D:5)
  A water moccasin skeleton (D:5)
  2 centaur zombies
  2 hounds
  A gnoll shaman (D:6)
  A jelly (D:7)
  3 orc priests (D:7)
  A bullfrog skeleton (D:5)
  An iguana (D:3)
  2 orc wizards (D:6)
  A scorpion zombie (D:5)
  A killer bee zombie (D:5)
  2 hound skeletons (D:4)
  15 gnolls
  6 adders
  A howler monkey skeleton (D:5)
  A shadow imp (D:5)
  2 dart slugs
  19 orcs
  6 ball pythons
  11 endoplasms
  5 giant cockroaches
  10 goblins
  2 hobgoblins
  3 quokkas
  7 bats
  3 frilled lizards
  12 kobolds
  6 rats
143 creatures vanquished.

Notes
Turn   | Place    | Note
-------+----------+-------------------------------------------
     0 | D:1      | fragbeetle the Merfolk Ice Elementalist began the quest for
                  | the Orb.
     0 | D:1      | Reached XP level 1. HP: 13/13 MP: 3/3
   117 | D:1      | Reached XP level 2. HP: 7/20 MP: 0/5
   389 | D:1      | Found Catiuf's Armour Shop.
   741 | D:1      | Reached skill level 1 in Fighting
   806 | D:1      | Reached XP level 3. HP: 26/26 MP: 4/6
   810 | D:1      | Learned a level 3 spell: Frozen Ramparts
  1369 | D:2      | Reached skill level 5 in Ice Magic
  1527 | D:2      | Reached XP level 4. HP: 29/32 MP: 3/7
  2496 | D:3      | Reached XP level 5. HP: 38/38 MP: 4/8
  2508 | D:3      | Learned a level 3 spell: Ozocubu's Armour
  2830 | D:3      | Found a faded altar of an unknown god.
  3162 | D:4      | Noticed an ogre
  3333 | D:4      | Identified the +0 ring mail of Mucues {+Inv Int+3 Dex-4}
  3360 | D:4      | Found a white marble altar of Elyvilon.
  3440 | D:4      | Killed an ogre
  3441 | D:4      | Reached skill level 6 in Ice Magic
  3441 | D:4      | Reached XP level 6. HP: 46/46 MP: 2/9
  3670 | D:5      | Entered Level 5 of the Dungeon
  4006 | D:5      | Noticed a water moccasin
  4022 | D:5      | Reached skill level 1 in Polearms
  4118 | D:5      | Killed a water moccasin
  4119 | D:5      | Reached XP level 7. HP: 22/52 MP: 1/10
  4498 | D:5      | Reached skill level 5 in Dodging
  4641 | D:5      | Learned a level 1 spell: Sting
  4872 | D:6      | Reached skill level 1 in Transmutations
  4886 | D:6      | Reached skill level 7 in Ice Magic
  4886 | D:6      | Reached skill level 1 in Poison Magic
  5135 | D:6      | Reached XP level 8. HP: 43/59 MP: 9/11
  6104 | D:7      | Reached skill level 5 in Stealth
  6329 | D:7      | Found a staircase to the Ecumenical Temple.
  6352 | Temple   | Entered the Ecumenical Temple
  6834 | Temple   | Became a worshipper of Gozag Ym Sagoz the Greedy
  6867 | D:7      | Reached skill level 5 in Polearms
  7383 | D:8      | Reached XP level 9. HP: 62/65 MP: 5/12
  7399 | D:8      | Learned a level 4 spell: Olgreb's Toxic Radiance
  7458 | D:8      | Found a flagged portal.
  7593 | Bailey   | Entered a bailey
  7726 | Bailey   | Reached skill level 8 in Ice Magic
  7726 | Bailey   | Noticed an orc knight
  7851 | Bailey   | Slain by an orc warrior

Illustrated notes

Levels and vault maps discovered:
D:1:      dpeg_arrival_rooms_with_view, layout_basic, serial_shops, shop,
          minmay_pentomino_o4
D:2:      layout_loops_cross, kennysheep_boxes
D:3:      minmay_general_purpose_star, layout_basic,
          dilly_ecumenical_altar_fadedgnrine, serial_bayou_crossing
D:4:      layout_loops_ring, lemuel_doored_altar, grunt_decor_fettered,
          hangedman_abyss_or_decor_passed, hangedman_abyss_or_decor_slice,
          kennysheep_cross_room, minmay_misc_feat_chi
D:5:      layout_basic
D:6:      layout_gridville
D:7:      layout_rooms, minmay_temple_entry_overgrown
D:8:      layout_basic, enter_bailey_3, minmay_orc_keep, uniq_pikel
Temple:   nicolae_temple_the_god_donut
Bailey:   bailey_polearm_elven_captive_hellmonk, bailey

Skill      XL: |  1  2  3  4  5  6  7  8  9 |
---------------+----------------------------+-----
Dodging        | 3 4 5 6 |  6.1
Fighting       | 1 2 3 4 |  4.4
Ice Magic      | 5 6 7 8 |  8.0
Stealth        | 3 4 5 |  5.5
Polearms       | 2 3 5 6 |  6.1
Transmutations | 1 4 |  4.7
Poison Magic   | 1 3 |  3.7
Spellcasting   | |  2.0

Action                   |  1- 3 |  4- 6 |  7- 9 || total
-------------------------+-------+-------+-------++-------
Melee: Club              |    12 |       |       ||    12
       Dagger            |     7 |    48 |       ||    55
       Whip              |     5 |       |       ||     5
       Tailslap          |     2 |       |       ||     2
       Trident           |       |    26 |   119 ||   145
       Punch             |       |     2 |     2 ||     4
       Flail             |       |       |    61 ||    61
       Spear             |       |       |    36 ||    36
Throw: Dart              |       |     7 |     8 ||    15
       Boomerang         |       |     2 |       ||     2
 Cast: Freeze            |    43 |    23 |       ||    66
       Frozen Ramparts   |       |     9 |    22 ||    31
       Ozocubu's Armour  |       |     5 |    23 ||    28
       Olgreb's Toxic Ra |       |       |     1 ||     1
Evoke: Wand              |       |       |     1 ||     1
  Use: Scroll            |       |       |     5 ||     5
 Stab: Sleeping          |     6 |    10 |     3 ||    19
Armor: Robe              |    10 |    20 |    54 ||    84
Dodge: Dodged            |    46 |    72 |   172 ||   290

Table legend: (Time is in decaauts)
 A = Elapsed time spent in this place.
 B = Non-inter-level travel time spent in this place.
 C = Inter-level travel time spent in this place.
 D = Time resting spent in this place.
 E = Time spent auto-exploring this place.
 F = Levels seen in this place.
 G = Mean time per level.
                   A        B        C        D        E       F      G
               +--------+--------+--------+--------+--------+-----+--------+
         Total |   7674 |   7552 |    122 |    478 |   5073 |  10 |  767.4 |
       Dungeon |   7097 |   6975 |    122 |    444 |   4788 |   8 |  887.1 |
        Temple |    344 |    344 |      0 |      0 |    284 |   1 |  344.0 |
        Bailey |    232 |    232 |      0 |     34 |      0 |   1 |  232.0 |
               +--------+--------+--------+--------+--------+-----+--------+

Top non-repeatable levels by time:
     D:5: 1204 daAuts
     D:1: 1147 daAuts
     D:6: 1058 daAuts
     D:7: 950 daAuts
     D:3: 882 daAuts
     D:2: 836 daAuts
     D:4: 762 daAuts
  Temple: 344 daAuts
     D:8: 255 daAuts
  Bailey: 232 daAuts
